 Dungeon Crawl Stone Soup version 0.20.1-1-g8b1a95d (webtiles) character file.

88 acidapple the Ruffian (level 4, -1/41 HPs)
             Began as an Ogre Transmuter on Sept 13, 2017.
             Slain by an orc priest
             ... wielding a +0 short sword
              (4 damage)
             ... on level 3 of the Dungeon.
             The game lasted 00:03:50 (1664 turns).

acidapple the Ruffian (Ogre Transmuter)             Turns: 1664, Time: 00:03:51

Health: -1/41      AC:  3    Str: 14    XL:     4   Next: 54%
Magic:  8/8        EV: 15    Int: 15    God:
Gold:   84         SH:  0    Dex: 14    Spells: 8/9 levels left

rFire    . . .     SeeInvis .     - Unarmed
rCold    . . .     Gourm    .   (no shield)
rNeg     . . .     Faith    .   b - +0 robe
rPois    .         Spirit   .   (helmet restricted)
rElec    .         Reflect  .   (no cloak)
rCorr    .         Harm     .   (gloves unavailable)
MR       .....                  (boots unavailable)
Stlth    ++........             (no amulet)
Regen    0.2/turn               (no ring)
MPRegen  0.2/turn               (no ring)

@: agile, appendage
A: unfitting armour, talons 3, tough skin 1
a: End Transformation


You were on level 3 of the Dungeon.
You were not hungry.
You had grown temporary talons.
You visited 1 branch of the dungeon, and saw 3 of its levels.

You collected 84 gold pieces.

Inventory:

Missiles
 a - 35 arrows
 i - 4 large rocks (quivered)
Armour
 b - a +0 robe (worn)
Scrolls
 d - a scroll of teleportation {unknown}
 e - a scroll of recharging {unknown}
 j - a scroll of remove curse {unknown}
 k - a scroll of immolation {unknown}
Books
 c - a book of Changes

   Spells                             Type                      Level
   a - Beastly Appendage              Transmutation                1
   b - Sticks to Snakes               Transmutation                2
   c - Spider Form                    Transmutation/Poison         3
   d - Ice Form                       Ice/Transmutation            4
   e - Blade Hands                    Transmutation                5
Comestibles
 g - 2 meat rations
 h - a royal jelly


   Skills:
 - Level 1.3 Fighting
 - Level 1.7 Dodging
 + Level 3.6 Unarmed Combat
 - Level 3.0 Spellcasting
 + Level 3.0 Transmutations


You had 8 spell levels left.
You knew the following spells:

 Your Spells              Type           Power        Failure   Level  Hunger
a - Beastly Appendage     Tmut           ##....       6%          1    #......


Dungeon Overview and Level Annotations

Branches:
Dungeon (3/15)

Altars:


Innate Abilities, Weirdness & Mutations

You are too large for most types of armour.
You have tough skin. (AC +1)
You have claws for feet.


Message History

The orc hits you with a club.
You closely miss the orc. You claw the orc, but do no damage.
The orc is heavily wounded.
The orc barely misses you.
You hit the orc.
You kill the orc!
Your Transmutations skill increases to level 3!
You hit the orc priest. Your kick misses the orc priest.
The orc priest is moderately wounded.
The orc priest invokes the aid of Beogh against you.
Beogh smites you!
* * * LOW HITPOINT WARNING * * *
It was a potion of agility.
You feel agile all of a sudden.
The orc priest hits you with a short sword.
* * * LOW HITPOINT WARNING * * *
You barely miss the orc priest. Your kick misses the orc priest.
The orc priest is moderately wounded.
The orc priest hits you with a short sword.
You die...

#.. .#... #..
.#..
#####..##.#.#
.......#....
...........
.........#
#..#...######+###
#.†@##........#
#.#.o###.#.....(#
#......o.........
#...####.......!.
...... #.........
#.#....
.......... #
#.#.. .##.....##.
#.#.. .. #####.#
# #..#. .#


You could see an orc priest.

Vanquished Creatures
  Robin (D:2)
  An adder (D:2)
  An ooze (D:1)
  A dart slug (D:1)
  3 orcs (D:3)
  5 bats
  5 giant cockroaches
  14 goblins
  2 hobgoblins
  7 jackals
  A ball python (D:1)
  10 kobolds
  5 rats
56 creatures vanquished.

Notes
Turn   | Place    | Note
-------+----------+-------------------------------------------
     0 | D:1      | acidapple the Ogre Transmuter began the quest for the Orb.
     0 | D:1      | Reached XP level 1. HP: 19/19 MP: 3/3
     0 | D:1      | Noticed a minotaur zombie
     3 | D:1      | Noticed a formicid
     6 | D:1      | Noticed a troll
    10 | D:1      | Noticed a formicid
    14 | D:1      | Noticed a gargoyle
    16 | D:1      | Noticed a dwarf
    18 | D:1      | Noticed a human
   259 | D:1      | Reached XP level 2. HP: 27/27 MP: 1/5
   433 | D:1      | Reached XP level 3. HP: 33/33 MP: 5/7
   977 | D:2      | Noticed Robin
  1040 | D:2      | Killed Robin
  1040 | D:2      | Reached XP level 4. HP: 15/41 MP: 8/8
  1664 | D:3      | Slain by an orc priest

Skill      XL: |  1  2  3  4 |
---------------+-------------+-----
Unarmed Combat | 3 |  3.6
Transmutations | 2 3 |  3.0
Spellcasting   | 3 |  3.0
Fighting       | |  1.3
Dodging        | |  1.7

Action                   |  1- 3 |  4- 6 || total
-------------------------+-------+-------++-------
Melee: Unarmed           |   107 |    51 ||   158
       Kick              |     4 |     8 ||    12
       Headbutt          |     3 |     2 ||     5
       Punch             |     1 |       ||     1
Throw: Large rock        |     3 |     1 ||     4
 Cast: Beastly Appendage |    21 |     7 ||    28
  Use: Potion            |     2 |     1 ||     3
  Eat: Bread ration      |       |     1 ||     1
Armor: Robe              |    34 |    11 ||    45
       Skin              |     8 |       ||     8
Dodge: Dodged            |    61 |    35 ||    96
